 Dungeon Crawl Stone Soup version 0.27-a0-1149-g4505690ab0 (webtiles) character file.

Game seed: 5968153469589126132

4 senseless the Skirmisher (level 1, 0/19 HPs)
             Began as a Palentonga Fighter on May 13, 2021.
             Frozen to death by an endoplasm (4 damage)
             ... on level 1 of the Dungeon.
             The game lasted 00:00:18 (81 turns).

senseless the Skirmisher (Palentonga Fighter)         Turns: 81, Time: 00:00:19

Health: 0/19       AC:  6    Str: 19    XL:     1   Next: 50%
Magic:  1/1        EV:  5    Int:  8    God:
Gold:   0          SH:  8    Dex:  9    Spells: 0/0 levels left

rFire    . . .     SeeInvis +   a - +0 flail
rCold    . . .     Faith    .   c - +0 kite shield
rNeg     . . .     Spirit   .   b - +0 scale mail
rPois    .         Reflect  .   (no helmet)
rElec    .         Harm     .   (no cloak)
rCorr    .         Rampage  .   (no gloves)
Will     .....                  (no barding)
Stlth    ..........             (no amulet)
HPRegen  0.06/turn              (no ring)
MPRegen  0.07/turn              (no ring)

@: no status effects
A: large, rugged brown scales 3, see invisible, deformed body, roll 1, armoured
tail
a: Rolling Charge


You were on level 1 of the Dungeon.
You visited 1 branch of the dungeon, and saw 1 of its levels.

Inventory:

Hand Weapons
 a - a +0 flail (weapon)
Armour
 b - a +0 scale mail (worn)
 c - a +0 kite shield (worn)
Scrolls
 e - a scroll of identify {unknown}
Potions
 d - a potion of might


   Skills:
 + Level 3.0 Fighting
 + Level 2.0 Maces & Flails
 + Level 2.5 Armour
 + Level 2.4 Shields


You couldn't memorise any spells.
You didn't know any spells.
Your spell library was empty.

Dungeon Overview and Level Annotations

Branches:
Dungeon (1/15)

Altars:


Innate Abilities, Weirdness & Mutations

You are completely covered in rugged brown scales. (AC +3, +7% HP)
You have supernaturally acute eyesight. (SInv)
Armour fits poorly on your strangely shaped body.
You can roll at nearby foes to attack.
You have a long armoured tail.


Message History

You closely miss the frilled lizard.
The frilled lizard bites you but does no damage.
A goblin comes into view. It is wielding a +0 dagger.
The frilled lizard bites you.
You hit the frilled lizard but do no damage.
You block the frilled lizard's attack.
An endoplasm comes into view.
You closely miss the frilled lizard.
The endoplasm quivers.
Your tail-slap misses the frilled lizard.
The frilled lizard bites you. You block the frilled lizard's attack.
You closely miss the frilled lizard.
The frilled lizard bites you but does no damage.
You roll forward with a clatter of scales!
You barely miss the endoplasm.
The endoplasm hits you but does no damage.
You block the endoplasm's attack. The frilled lizard barely misses you.
Your shield and scale mail prevent you from hitting the endoplasm.
The goblin hits you but does no damage. The endoplasm freezes you.
You are frozen.
You block the frilled lizard's attack.
You are too injured to fight recklessly!
You are too injured to fight recklessly!
You barely miss the goblin. The goblin hits you with a +0 dagger.
* * * LOW HITPOINT WARNING * * *
The endoplasm hits you but does no damage.
The frilled lizard bites you but does no damage.
The goblin hits you but does no damage.
The endoplasm hits you but does no damage.
The frilled lizard barely misses you.
You closely miss the goblin. The goblin hits you but does no damage.
The endoplasm barely misses you. The frilled lizard bites you.
* * * LOW HITPOINT WARNING * * *
You closely miss the goblin. You tail-slap the goblin.
The goblin is moderately wounded.
The goblin hits you but does no damage. The endoplasm barely misses you.
The frilled lizard barely misses you. You block the goblin's attack.
The endoplasm freezes you.
You are frozen.
You die...

..≈≈≈≈≈≈≈≈# #..
........######..
#####....(......
######.#######.#
.........#####.###
#.####........>..# #.#
#..######†#.#
#.####..#.!.....J#
................@###>#..
######..#......!lg......
# #..........†.......
##.#.......#.##....
#.#.......#.# #..
#.#.......#.# .
#.####.#.##.# #.# #.#.#
.. #.# #.#.# ..


You could see an endoplasm, a goblin and a frilled lizard.

Vanquished Creatures
  A hobgoblin (D:1)
  3 ball pythons (D:1)
4 creatures vanquished.

Notes
Turn   | Place    | Note
-------+----------+-------------------------------------------
     0 | D:1      | senseless the Palentonga Fighter began the quest for the
                  | Orb.
     0 | D:1      | Reached XP level 1. HP: 19/19 MP: 1/1
    81 | D:1      | Frozen to death by an endoplasm

Illustrated notes

Levels and vault maps discovered:
D:1:      lightli_arrival_isolated_outpost, layout_loops_ring,
          hangedman_decor_clover_reticule, minmay_crystal_room

Action                   || total
-------------------------++-------
Melee: Flail             ||    19
       Tailslap          ||     2
 Abil: Rolling Charge    ||     5
Armor: Scale mail        ||    11
Dodge: Dodged            ||     8
Block: Kite shield       ||     9

Table legend: (Time is in decaauts)
 A = Elapsed time spent in this place.
 B = Non-inter-level travel time spent in this place.
 C = Inter-level travel time spent in this place.
 D = Time resting spent in this place.
 E = Time spent auto-exploring this place.
 F = Levels seen in this place.
 G = Mean time per level.
                   A        B        C        D        E       F      G
               +--------+--------+--------+--------+--------+-----+--------+
         Total |     90 |     90 |      0 |      0 |     59 |   1 |   90.0 |
       Dungeon |     90 |     90 |      0 |      0 |     59 |   1 |   90.0 |
               +--------+--------+--------+--------+--------+-----+--------+

Top non-repeatable levels by time:
     D:1: 90 daAuts
